 Dungeon Crawl Stone Soup version 0.31-a0-844-gdc52ec4e09 (webtiles) character file.

Game seed: 14001520878950239762

5205 pokeman the Thaumaturge (level 10, -1/54 (56) HPs)
             Began as a Deep Elf Hedge Wizard on Sept 29, 2023.
             Was a Believer of Vehumet.
             Slain by a spriggan
             ... wielding the +7 quarterstaff "Earthworm" {drain, rElec}
              (8 damage)
             ... in a bailey.
             The game lasted 00:23:58 (7591 turns).

pokeman the Thaumaturge (Deep Elf Hedge Wizard)     Turns: 7591, Time: 00:24:00

HP:   -1/54 (56)    AC:  6    Str:  7    XL:     10   Next: 35%
MP:   25/28         EV: 18    Int: 27    God:    Vehumet [**....]
Gold: 469           SH:  0    Dex: 20    Spells: 22/34 levels left

rFire   . . .        J - +2 falchion of the Genius {heavy, Int+3}
rCold   . . .        (no shield)
rNeg    . . .        a - +1 leather armour {rPois}
rPois   +            c - +0 hat
rElec   .            (no cloak)
rCorr   .            K - +0 pair of gloves
SInv    .            F - +0 pair of boots
Will    +....        m - amulet of magic regeneration
Stlth   ++           e - +5 ring of evasion
HPRegen 0.29/turn    D - +6 ring of dexterity
MPRegen 0.61/turn

%: no passive effects
@: lightly drained
A: no striking features
a: Renounce Religion


You were in a bailey.
You worshipped Vehumet.
Vehumet was pleased with you.
You visited 2 branches of the dungeon, and saw 9 of its levels.
You also visited: Bailey.

You collected 955 gold pieces.
You spent 486 gold pieces at shops.

Inventory:

Hand Weapons
 J - the +2 falchion of the Genius (weapon) {heavy, Int+3}
   (You found it on level 6 of the Dungeon)

   Int+3:     It affects your intelligence (+3).
 M - a +2 short sword of electrocution
Missiles
 k - 2 throwing nets
Armour
 a - a +1 leather armour of poison resistance (worn)
 c - a +0 hat (worn)
 s - a scarf of harm
 F - a +0 pair of boots (worn)
 G - a +2 leather armour of cold resistance
 K - a +0 pair of gloves (worn)
 O - a +0 buckler
 Q - an orb of energy
Jewellery
 b - an amulet of faith
 e - a +5 ring of evasion (left hand)
 m - an amulet of magic regeneration (around neck)
 n - a ring of resist corrosion
 u - a ring of ice
 y - a ring of protection from cold
 D - a +6 ring of dexterity (right hand)
 P - a +6 ring of strength
Scrolls
 f - 3 scrolls of fear {unknown}
 g - 12 scrolls of identify
 j - 2 scrolls of blinking
 l - a scroll of silence {unknown}
 q - a scroll of acquirement {unknown}
 r - 2 scrolls of poison {unknown}
 v - 2 scrolls of enchant armour {unknown}
 w - a scroll of immolation {unknown}
 x - a scroll of torment {unknown}
 B - 2 scrolls of vulnerability {unknown}
 I - 4 scrolls of teleportation
Potions
 d - a potion of magic
 h - 4 potions of mutation {unknown}
 i - 2 potions of brilliance {unknown}
 o - 3 potions of cancellation {unknown}
 p - a potion of invisibility {unknown}
 t - 2 potions of enlightenment {unknown}
 A - a potion of degeneration {unknown}
 C - a potion of haste {unknown}
 E - 5 potions of curing
 H - a potion of ambrosia {unknown}
 L - 3 potions of heal wounds
 N - a potion of might {unknown}
 R - a potion of resistance {unknown}


   Skills:
 - Level 3.1 Fighting
 - Level 3.0 Armour
 - Level 3.0 Dodging
 - Level 3.0 Stealth
 + Level 2.3 Shields
 * Level 12.9 Spellcasting
 + Level 8.5 Conjurations
 - Level 1.1 Summonings
 - Level 1.1 Translocations
 - Level 1.1 Transmutations
 - Level 1.2 Air Magic
 + Level 6.3 Earth Magic
 - Level 1.0 Poison Magic
 - Level 1.0 Evocations


You had 22 spell levels left.
You knew the following spells:

 Your Spells              Type           Power      Damage    Failure   Level
a - Magic Dart            Conj           100%       1d8       1%          1
b - Mephitic Cloud        Conj/Pois/Air  36%        N/A       3%          3
c - Call Imp              Summ           46%        N/A       4%          2
d - Blink                 Tloc           46%        N/A       4%          2
e - Petrify               Tmut/Erth      37%        N/A       10%         4

Your spell library contained the following spells:

 Spells                   Type           Power      Damage    Failure   Level
 Searing Ray              Conj           100%       2d8       1%          2
 Hailstorm                Conj/Ice       40%        3d10      2%          3
 Apportation              Tloc           46%        N/A       3%          1
 Summon Small Mammal      Summ           92%        N/A       3%          1
 Freeze                   Ice            68%        1d8       4%          1
 Necrotise                Necr           68%        1d7       4%          1
 Slow                     Hex            68%        N/A       4%          1
 Cigotuvi's Dreadful Rot  Necr/Pois/Air  42%        N/A       5%          2
 Frozen Ramparts          Ice            34%        1d6       14%         3
 Olgreb's Toxic Radiance  Pois           22%        N/A       30%         4
 Metabolic Englaciation   Hex/Ice        8%         N/A       78%         5
 Discord                  Hex            8%         N/A       100%        8
 Ignition                 Fire           8%         3d5       100%        8


Dungeon Overview and Level Annotations

Branches:
Dungeon (8/15)             Temple (1/1) D:5          Bailey (1/1)
   Lair: D:8-11

Altars:
Cheibriados
Dithmenos
Elyvilon
Gozag
Hepliaklqana
Kikubaaqudgha
Makhleb
Nemelex Xobeh
Okawaru
Qazlal
Ru
Sif Muna
Trog
Uskayaw
Vehumet
Wu Jian
Yredelemnul
Zin
The Shining One

Shops:
D:1 (!?(   D:4 (   D:6 (   D:8 (


Message History

Unknown command.
Unknown command.
Aiming: Bolt of Light
Press: ? - help, Shift-Dir - straight line, f - spriggan, p - two-headed ogre
Aim: a spriggan, wielding the +7 quarterstaff "Earthworm" {drain, rElec} and wearing the +6 swamp dragon scales "Tuifameg" {+Inv rPois Str+2} (46% to hit)
The bolt of light hits the spriggan.
The spriggan is lightly wounded.
The spriggan is blinded.
The bolt of light hits the two-headed ogre!
The two-headed ogre is moderately wounded.
The now-empty wand crumbles to dust.
You hear an angry hiss.
The spriggan splashes around in the water.
The two-headed ogre hits you from afar with a +0 glaive!!
Ouch! That really hurt!
The two-headed ogre completely misses you.
Unknown command.
You hit the spriggan but do no damage.
The spriggan is lightly wounded.
The spriggan hits you with the +7 quarterstaff "Earthworm" {drain, rElec}!
* * * LOW HITPOINT WARNING * * *
You feel drained.
* * * LOW HITPOINT WARNING * * *
The spriggan splashes around in the water.
Your magical contamination has completely faded away.
Unknown command.
The spriggan misses you. The spriggan completely misses you.
The two-headed ogre is no longer blind.
You aren't carrying any items that you can evoke.
Unknown command.
Unknown command.
Casting: Mephitic Cloud (dangerous; 3% risk of failure)
Confirm with . or Enter, or press ? or * to list all spells.
Aiming: Petrify (dangerous; 10% risk of failure)
Press: ? - help, Shift-Dir - straight line, f/p - spriggan
Aim: a spriggan, wielding the +7 quarterstaff "Earthworm" {drain, rElec} and wearing the +6 swamp dragon scales "Tuifameg" {+Inv rPois Str+2} (lightly wounded, blind, chance to affect: 29%)
The spriggan easily resists.
The spriggan hits you with the +7 quarterstaff "Earthworm" {drain, rElec}!
You die...

#...# . ##..###
#...#.♣ ♣..~~~
#..~♣.♣ #..~~~
#..~).♣ ♣..~~~
#..~♣.♣ #..~~~
#...#.♣ #..~~~
#..O# . ##..###
##.i## . ♣#..##
# ##.@♣# ##..##
#
##..#######..##
##.........##
##.......##
#########


You could see a two-headed ogre and a spriggan (blind).

Vanquished Creatures
  A two-headed ogre (D:8)
  Jeremiah (D:7)
  Sigmund (D:3)
  2 spriggans (Bailey)
  Menkaure (D:7)
  Duvessa (D:5)
  3 water moccasins
  2 black bears (D:6)
  An orc warrior (D:6)
  A sky beast (D:6)
  2 ice beasts (D:6)
  8 ogres
  3 centaurs
  A kobold brigand (D:6)
  A phantom (D:5)
  2 bullfrogs
  A gnoll sergeant (D:7)
  2 scorpions (D:6)
  2 wights (D:7)
  Dowan (D:5)
  4 killer bees (D:8)
  A howler monkey (D:6)
  6 hounds
  2 jellies (D:6)
  2 gnoll boudas
  3 orc priests
  A sleepcap (D:6)
  Ijyb (D:5)
  6 iguanas
  14 gnolls
  5 adders
  A white imp (D:6)
  3 ufetubi
  4 worms
  4 dart slugs
  11 orcs
  10 endoplasms
  3 giant cockroaches
  A goblin (D:8)
  3 hobgoblins
  10 kobolds
  4 quokkas
  6 ball pythons
  7 bats
  3 frilled lizards (D:2)
  2 rats
154 creatures vanquished.

Vanquished Creatures (collateral kills)
  A water moccasin (D:7)
  An ice beast (D:7)
  An orc priest (D:5)
3 creatures vanquished.

Grand Total: 157 creatures vanquished

Notes
Turn   | Place    | Note
-------+----------+-------------------------------------------
     0 | D:1      | pokeman the Deep Elf Hedge Wizard began the quest for the
                  | Orb.
     0 | D:1      | Reached XP level 1. HP: 10/10 MP: 7/7
    91 | D:1      | Reached XP level 2. HP: 3/16 MP: 0/9
   176 | D:1      | Found Vougrog's Weapon Boutique.
   492 | D:1      | Found Puogra's Antique Weapon Shoppe.
   696 | D:1      | Reached skill level 5 in Spellcasting
   786 | D:1      | Found Giupn's Distillery.
   920 | D:1      | Found Bepoc's Magic Scroll Emporium.
  1099 | D:2      | Reached XP level 3. HP: 20/20 MP: 9/11
  1103 | D:2      | Learned a level 3 spell: Mephitic Cloud
  1106 | D:2      | Learned a level 2 spell: Call Imp
  1109 | D:2      | Learned a level 2 spell: Blink
  1159 | D:2      | Reached skill level 1 in Armour
  1213 | D:2      | Reached skill level 1 in Fighting
  1591 | D:2      | Reached XP level 4. HP: 25/25 MP: 10/13
  1978 | D:3      | Noticed Sigmund
  2125 | D:3      | Killed Sigmund
  2126 | D:3      | Reached XP level 5. HP: 29/29 MP: 12/15
  2280 | D:3      | Reached XP level 6. HP: 34/34 MP: 14/16
  2364 | D:4      | Found Cuzuk's Weapon Shoppe.
  2565 | D:4      | Reached skill level 5 in Conjurations
  2585 | D:4      | Reached skill level 6 in Spellcasting
  3073 | D:5      | Entered Level 5 of the Dungeon
  3255 | D:5      | Found a staircase to the Ecumenical Temple.
  3255 | D:5      | Noticed Ijyb
  3262 | D:5      | Killed Ijyb
  3263 | D:5      | Reached skill level 1 in Evocations
  3277 | Temple   | Entered the Ecumenical Temple
  3292 | Temple   | Became a worshipper of Vehumet
  3320 | D:5      | Reached skill level 1 in Poison Magic
  3469 | D:5      | Reached skill level 1 in Air Magic
  3469 | D:5      | Reached XP level 7. HP: 38/38 MP: 15/19
  3474 | D:5      | Learned a level 4 spell: Petrify
  3512 | D:5      | Noticed Duvessa
  3513 | D:5      | Noticed Dowan
  3515 | D:5      | Reached skill level 7 in Spellcasting
  3522 | D:5      | Killed Duvessa
  3549 | D:5      | Killed Dowan
  3550 | D:5      | Reached skill level 1 in Transmutations
  3550 | D:5      | Reached skill level 1 in Earth Magic
  4341 | D:6      | Found a sparkling altar of Nemelex Xobeh.
  4376 | D:6      | Reached skill level 8 in Spellcasting
  4464 | D:6      | Reached XP level 8. HP: 44/44 MP: 19/22
  4557 | D:6      | Found Dontaos's Weapon Shoppe.
  4694 | D:6      | Identified the +2 falchion of the Genius {heavy, Int+3}
  4786 | D:6      | Reached * piety under Vehumet
  4786 | D:6      | Offered knowledge of Sandblast by Vehumet.
  4976 | D:6      | Reached skill level 9 in Spellcasting
  5158 | D:6      | Reached skill level 10 in Spellcasting
  5165 | D:6      | Reached XP level 9. HP: 48/48 MP: 25/25
  5592 | D:6      | Noticed an angel
  5593 | D:6      | Found a glowing silver altar of Zin.
  5879 | D:7      | Reached skill level 11 in Spellcasting
  5965 | D:7      | Noticed Menkaure
  5991 | D:7      | Killed Menkaure
  6004 | D:7      | Reached skill level 5 in Earth Magic
  6023 | D:7      | Offered knowledge of Searing Ray by Vehumet.
  6107 | D:7      | Noticed Jeremiah
  6122 | D:7      | Killed Jeremiah
  6122 | D:7      | Reached ** piety under Vehumet
  6711 | D:7      | Found a snail-covered altar of Cheibriados.
  6950 | D:1      | Bought a scroll of identify for 24 gold pieces
  6950 | D:1      | Bought a scroll of identify for 24 gold pieces
  6950 | D:1      | Bought a scroll of teleportation for 36 gold pieces
  6950 | D:1      | Bought a scroll of blinking for 90 gold pieces
  6950 | D:1      | Bought a scroll of teleportation for 36 gold pieces
  6950 | D:1      | Bought a scroll of identify for 24 gold pieces
  6950 | D:1      | Bought a scroll of identify for 24 gold pieces
  6973 | D:1      | Bought a potion of curing for 36 gold pieces
  6973 | D:1      | Bought a potion of curing for 36 gold pieces
  6973 | D:1      | Bought 2 potions of heal wounds for 120 gold pieces
  6973 | D:1      | Bought a potion of curing for 36 gold pieces
  7071 | D:8      | Found Veprya's Weapon Emporium.
  7077 | D:8      | Noticed a two-headed ogre
  7101 | D:8      | Killed a two-headed ogre
  7102 | D:8      | Reached skill level 1 in Shields
  7102 | D:8      | Reached skill level 12 in Spellcasting
  7102 | D:8      | Reached XP level 10. HP: 34/56 MP: 20/28
  7259 | D:8      | Found a flagged portal.
  7264 | Bailey   | Entered a bailey
  7576 | Bailey   | Identified the +7 quarterstaff "Earthworm" {drain, rElec}
  7576 | Bailey   | Identified the +6 swamp dragon scales "Tuifameg" {+Inv
                  | rPois Str+2}
  7582 | Bailey   | Noticed a two-headed ogre
  7591 | Bailey   | Slain by a spriggan

Illustrated notes

Levels and vault maps discovered:
D:1:      scummos_arrival_simple_crosswalls, layout_loops_ring, serial_shops,
          nicolae_shop_crystal, nicolae_shop_rolled_up, shop, shop,
          minmay_misc_feat_cross
D:2:      layout_rooms, hex_tiny, interstate_on_off, hangedman_glass_teeth
D:3:      layout_rooms, uniq_sigmund
D:4:      layout_rooms, serial_shops,
          nicolae_shop_temple_entry_statues_fountains, serial_curves,
          eino_curves_01, eino_curves_04, minmay_gold_behind_fungi,
          minmay_cut_off
D:5:      layout_loops_corners, temple_pool_b, hangedman_decor_points,
          uniq_duvessa, uniq_ijyb
D:6:      minmay_polygon_palace, layout_loops_ring, zin_angel,
          mainiacjoe_overflow_concentric_impassable, serial_shops,
          nicolae_shop_bloodbath_and_beyond
D:7:      layout_loops_ring, slow_altar_2, nicolae_kite_square_tiling_tiny,
          uniq_jeremiah, uniq_menkaure
D:8:      wander_river, layout_gridville, serial_shops,
          nicolae_shop_tiny_waterfront, enter_bailey_3,
          eino_small_chamber_without_monster, st_stairs_12, minivault_1
Temple:   nicolae_temple_bog_church
Bailey:   bailey_polearm_enchanted_keep_hellmonk, bailey

Skill      XL: |  1  2  3  4  5  6  7  8  9 10 |
---------------+-------------------------------+-----
Spellcasting   | 5 6 8 10 12 | 12.9
Armour         | 1 2 3 |  3.0
Fighting       | 1 2 3 |  3.1
Conjurations   | 2 4 5 6 8 |  8.5
Stealth        | 3 |  3.0
Dodging        | 3 |  3.0
Evocations     | 1 |  1.0
Poison Magic   | 1 |  1.0
Air Magic      | 1 |  1.2
Transmutations | 1 |  1.1
Earth Magic    | 2 4 5 6 |  6.3
Shields        | 1 2 |  2.3
Summonings     | |  1.1
Translocations | |  1.1

Action                     |  1- 3 |  4- 6 |  7- 9 | 10-12 || total
---------------------------+-------+-------+-------+-------++-------
  Melee: Dagger            |    43 |    32 |    80 |       ||   155
         Punch             |       |     1 |     1 |     1 ||     3
         Falchion          |       |       |    70 |    19 ||    89
   Cast: Magic Dart        |    77 |   131 |   200 |    25 ||   433
         Mephitic Cloud    |     3 |    10 |    35 |    11 ||    59
         Call Imp          |       |     1 |    15 |       ||    16
         Blink             |       |       |     4 |     2 ||     6
         Petrify           |       |       |     1 |     1 ||     2
  Evoke: Wand              |       |       |       |     4 ||     4
   Stab: Confused          |       |     4 |    17 |     3 ||    24
         Distracted        |       |       |     1 |       ||     1
 Armour: Robe              |    13 |    12 |       |       ||    25
         Leather armour    |       |     1 |    90 |    21 ||   112
  Dodge: Dodged            |    45 |    24 |   186 |    40 ||   295

Table legend: (Time is in decaauts)
 A = Elapsed time spent in this place.
 B = Non-inter-level travel time spent in this place.
 C = Inter-level travel time spent in this place.
 D = Time resting spent in this place.
 E = Time spent auto-exploring this place.
 F = Levels seen in this place.
 G = Mean time per level.
                   A        B        C        D        E       F      G
               +--------+--------+--------+--------+--------+-----+--------+
         Total |   7689 |   7072 |    617 |    301 |   5177 |  10 |  768.9 |
       Dungeon |   7315 |   6726 |    589 |    169 |   5112 |   8 |  914.4 |
        Temple |     30 |      2 |     28 |      0 |      0 |   1 |   30.0 |
        Bailey |    343 |    343 |      0 |    132 |     64 |   1 |  343.0 |
               +--------+--------+--------+--------+--------+-----+--------+

Top non-repeatable levels by time:
     D:6: 1413 daAuts
     D:7: 1296 daAuts
     D:5: 1260 daAuts
     D:1: 1169 daAuts
     D:2: 878 daAuts
     D:4: 762 daAuts
     D:3: 438 daAuts
  Bailey: 343 daAuts
     D:8: 96 daAuts
  Temple: 30 daAuts
